 Dungeon Crawl Stone Soup version 0.26-a0-50-gc4d14cd842 (webtiles) character file.

Game seed: 16796065859293691820

6159 vurker the Arsonist (level 10, -1/81 HPs)
             Began as a Demigod Fire Elementalist on June 4, 2020.
             Slain by a killer bee (7 damage)
             ... on level 9 of the Dungeon.
             The game lasted 00:18:14 (12565 turns).

vurker the Arsonist (Demigod Fire Elementalist)    Turns: 12565, Time: 00:18:14

Health: -1/81      AC:  5    Str: 11    XL:     10   Next: 34%
Magic:  9/25       EV: 12    Int: 25    God:
Gold:   609        SH:  0    Dex: 16    Spells: 13/23 levels left

rFire    . . .     SeeInvis .   q - +1 dagger (drain)
rCold    . . .     Gourm    .   (no shield)
rNeg     . . .     Faith    .   s - +1 robe {Archmagi}
rPois    +         Spirit   .   m - +0 helmet
rElec    +         Reflect  .   (no cloak)
rCorr    .         Harm     .   n - +0 pair of gloves
MR       +....                  (no boots)
Stlth    ++........             (no amulet)
HPRegen  0.23/turn              g - ring "Weprulih" {rElec rPois}
MPRegen  0.19/turn              (no ring)

@: lethally poisoned (-1 -> -2)
A: high mp 1
a: no special abilities


You were on level 9 of the Dungeon.
You were very hungry.

You visited 1 branch of the dungeon, and saw 9 of its levels.

You collected 609 gold pieces.

Inventory:

Hand Weapons
 q - a +1 dagger of draining (weapon)
   (You took it off an orc wizard on level 4 of the Dungeon)
Armour
 m - a +0 helmet (worn)
   (You found it on level 1 of the Dungeon)
 n - a +0 pair of gloves (worn)
   (You found it on level 2 of the Dungeon)
 s - a +1 robe of the Archmagi (worn)
   (You took it off a wight on level 2 of the Dungeon)
 w - a +2 kite shield
   (You found it on level 8 of the Dungeon)
Jewellery
 g - the ring "Weprulih" (left hand) {rElec rPois}
   (You acquired it on level 8 of the Dungeon)

   [ring of poison resistance]

   It insulates you from electricity.
   It protects you from poison.
Wands
 c - a wand of disintegration (12)
   (You found it on level 7 of the Dungeon)
 t - a wand of polymorph (7)
   (You found it on level 3 of the Dungeon)
 v - a wand of digging (4)
   (You found it on level 7 of the Dungeon)
Scrolls
 f - a scroll of enchant armour
 h - 2 scrolls of fog
 i - a scroll of enchant weapon
 j - 6 scrolls of teleportation
 k - 3 scrolls of amnesia
 o - 2 scrolls of immolation
 p - 4 scrolls of remove curse
 u - a scroll of magic mapping
 x - a scroll of summoning
 y - a scroll of silence {unknown}
Potions
 a - 2 potions of curing
 b - a potion of haste
 d - 4 potions of heal wounds
 l - 2 potions of invisibility
 r - a potion of brilliance
Comestibles
 e - 9 rations


   Skills:
 + Level 5.4 Fighting
 - Level 1.7 Dodging
 - Level 1.7 Stealth
 * Level 7.4 Spellcasting
 * Level 7.9 Conjurations
 * Level 8.4 Fire Magic


You had 13 spell levels left.
You knew the following spells:

 Your Spells              Type           Power        Failure   Level  Hunger
a - Foxfire               Conj/Fire      ####         1%          1    None
q - Sticky Flame          Conj/Fire      ######..     2%          4    ###....
z - Fireball              Conj/Fire      ######....   6%          5    #####..

Your spell library contained the following spells:

 Spells                   Type           Power        Failure   Level  Hunger
 Conjure Flame            Conj/Fire      ######..     1%          3    None
 Inner Flame              Hex/Fire       #####...     3%          3    None


Dungeon Overview and Level Annotations

Branches:
Dungeon (9/15)             Temple (0/1) D:6            Lair (0/6) D:8
    Orc: D:9-12

Annotations:
D:5 2 transporters, senseless's ghost, novice DsFi


Innate Abilities, Weirdness & Mutations

You have an increased reservoir of magic. (+10% MP)


Message History

The killer bee misses you. The killer bee stings you.
The foxfire hits the killer bee!
You feel a surge of power!
You conjure some foxfire!
The foxfire hits the killer bee.
The killer bee stings you.
* * * LOW HITPOINT WARNING * * *
Aim: a killer bee You feel a surge of power!
The sticky flame hits the killer bee.
The killer bee is covered in liquid flames!
You feel sick.
The killer bee burns!
The foxfire hits the killer bee!
You kill the killer bee!
The killer bee stings you but does no damage.
The killer bee stings you.
* * * LOW HITPOINT WARNING * * *
The killer bee stings you but does no damage.
The killer bee stings you.
* * * LOW HITPOINT WARNING * * *
The killer bee closely misses you.
The killer bee stings you but does no damage.
The killer bee burns!
The killer bee barely misses you. The killer bee stings you.
* * * LOW HITPOINT WARNING * * *
Aim: a killer bee (moderately wounded)
You feel a surge of power!
The sticky flame hits the killer bee but does no damage.
The killer bee is covered in liquid flames!
You feel sick.
The killer bee burns!
You kill the killer bee!
The killer bee burns!
The killer bee stings you.
* * * LOW HITPOINT WARNING * * *
The killer bee stings you.
* * * LOW HITPOINT WARNING * * *
The killer bee closely misses you. The killer bee completely misses you.
The killer bee closely misses you.
The killer bee burns!
The killer bee stings you but does no damage. x2
The killer bee burns!
You kill the killer bee!
You feel sick.
The killer bee stings you but does no damage.
The killer bee stings you!
* * * LOW HITPOINT WARNING * * *
There is an open door here.
Aim: a killer bee
Okay, then.
The killer bee closely misses you.
Aim: a killer bee (severely wounded)
You feel a surge of power!
The sticky flame hits the killer bee!
You kill the killer bee!
The killer bee stings you!
You die...

#........######.
#...#..............##
#.$.#.....÷..........
#...##..###+#÷.......
#......#....#..# #........
#......#....#..# +.....(..
#...)..#/...#..# #.#####..
#......#....#..# #.# #..
.......#...@#..# #.# #..
.......#.##y#..#####.# #..
.......###.h.........# #..
.......†.............# #..
.......†.............# #..
.....................# #..
.....................# #..
..............†......# #..
...........######....#####..


You could see a hound and a killer bee.

Vanquished Creatures
  A troll (D:7)
  A hippogriff (D:9)
  Sigmund (D:2)
  3 basilisks (D:8)
  3 yaks (D:9)
  A wyvern (D:8)
  3 porcupines
  An orc warrior (D:8)
  2 sky beasts
  4 ice beasts
  2 phantoms
  3 black bears
  4 wolves (D:8)
  4 ogres
  4 bullfrogs
  A wyvern skeleton (D:6)
  4 scorpions
  13 killer bees
  7 wights
  2 howler monkeys (D:8)
  A centaur zombie (D:8)
  2 crimson imps
  5 hounds
  4 jellies
  3 orc priests
  7 orc wizards
  3 worker ants
  2 bullfrog skeletons (D:7)
  3 iguanas
  3 hound skeletons
  4 gnolls
  6 adders
  A shadow imp (D:5)
  2 oozes
  An adder zombie (D:5)
  3 adder skeletons
  2 worms
  3 dart slugs
  8 leopard geckos
  20 orcs
  4 bats
  7 giant cockroaches
  7 goblins
  7 hobgoblins
  7 jackals
  5 kobolds
  6 quokkas
  5 frilled lizards
  A jackal skeleton (D:6)
  A quokka skeleton (D:4)
  5 rats
202 creatures vanquished.

Vanquished Creatures (others)
  783 foxfires
  3 fungi (D:8)
  A plant (D:8)
  4 toadstools (D:1)
791 creatures vanquished.

Grand Total: 993 creatures vanquished

Notes
Turn   | Place    | Note
-------+----------+-------------------------------------------
     0 | D:1      | vurker the Demigod Fire Elementalist began the quest for
                  | the Orb.
     0 | D:1      | Reached XP level 1. HP: 14/14 MP: 5/5
    62 | D:1      | Reached skill level 1 in Conjurations
   339 | D:1      | Reached XP level 2. HP: 22/22 MP: 1/7
   552 | D:1      | Reached skill level 3 in Fire Magic
  1636 | D:2      | Reached XP level 3. HP: 27/27 MP: 5/8
  1688 | D:2      | Found a hazy altar of Hepliaklqana.
  1689 | D:2      | Found a shimmering altar of Xom.
  1690 | D:2      | Noticed a spectral ugly thing
  1828 | D:2      | Noticed Sigmund
  1837 | D:2      | Killed Sigmund
  1837 | D:2      | Reached skill level 1 in Fighting
  1837 | D:2      | Reached XP level 4. HP: 35/35 MP: 1/11
  1837 | D:2      | Reached XP level 5. HP: 40/40 MP: 1/12
  2228 | D:2      | Reached skill level 4 in Fire Magic
  2313 | D:2      | Reached XP level 6. HP: 39/48 MP: 4/14
  2661 | D:3      | Learned a level 4 spell: Sticky Flame
  2667 | D:3      | Learned a level 5 spell: Fireball
  4408 | D:4      | Found a glowing silver altar of Zin.
  4887 | D:5      | Entered Level 5 of the Dungeon
  5419 | D:5      | Reached XP level 7. HP: 56/56 MP: 11/16
  5710 | D:5      | Found a transporter.
  5768 | D:5      | Found a transporter.
  5768 | D:5      | Noticed senseless's ghost (novice DsFi)
  5794 | D:5      | Reached skill level 5 in Fire Magic
  5976 | D:5      | Found a burning altar of Makhleb.
  6643 | D:6      | Found a staircase to the Ecumenical Temple.
  6651 | D:6      | Reached XP level 8. HP: 51/63 MP: 10/18
  6794 | D:6      | Reached skill level 5 in Conjurations
  7315 | D:7      | Reached skill level 5 in Spellcasting
  7508 | D:7      | Reached skill level 6 in Fire Magic
  8604 | D:8      | Found a radiant altar of Vehumet.
  8604 | D:8      | Noticed a troll
  8624 | D:7      | Killed a troll
  8918 | D:8      | HP: 3/66 [phantom (4)]
  8921 | D:8      | Reached XP level 9. HP: 4/71 MP: 7/21
  8934 | D:8      | HP: 3/71 [crimson imp (4)]
  9302 | D:8      | Identified a scroll of acquirement
  9304 | D:8      | Got the ring "Weprulih" {rElec rPois}
  9364 | D:7      | Reached skill level 7 in Fire Magic
  9849 | D:8      | Found a white marble altar of Elyvilon.
  9849 | D:8      | Found a shadowy altar of Dithmenos.
 10129 | D:8      | Found a staircase to the Lair.
 10961 | D:8      | Reached skill level 5 in Fighting
 11138 | D:8      | Reached XP level 10. HP: 63/81 MP: 9/24
 11333 | D:8      | Reached skill level 8 in Fire Magic
 12270 | D:9      | Found a shimmering blue altar of Sif Muna.
 12565 | D:9      | Slain by a killer bee

Illustrated notes

Levels and vault maps discovered:
D:1:      minmay_arrival_five_plusses, layout_rooms, serial_bayou_pond_c,
          minmay_gold_behind_fungi, nrook_campfire
D:2:      kennysheep_six_static_rooms, layout_basic,
          regret_index_temple_of_mockery, chequers_serial_rivers_micro_a,
          uniq_sigmund
D:3:      layout_loops_cross, first_ration
D:4:      layout_layer_cave, zin_statuary
D:5:      layout_basic, gammafunk_ghost_mausoleum, st_stairs_7,
          makhleb_blood_cavern_becter
D:6:      layout_basic, temple_doors_e
D:7:      layout_loops_ring, kennysheep_generic_room_8
D:8:      layout_basic, gammafunk_temple_overflow_elements,
          minmay_lair_entry_grove, basic_altar
D:9:      minmay_cornered_nines, layout_irregular_city, led_sif_book

Skill      XL: |  1  2  3  4  5  6  7  8  9 10 |
---------------+-------------------------------+-----
Conjurations   | 1 2 3 4 6 7 |  7.9
Spellcasting   | 2 3 4 5 6 7 |  7.4
Fire Magic     | 3 4 5 6 7 8 |  8.4
Fighting       | 1 2 3 4 5 |  5.4
Dodging        | |  1.7
Stealth        | |  1.7

Action                   |  1- 3 |  4- 6 |  7- 9 | 10-12 || total
-------------------------+-------+-------+-------+-------++-------
Melee: Unarmed           |     5 |       |       |       ||     5
       Dagger            |    20 |    57 |   135 |       ||   212
 Cast: Foxfire           |    64 |   136 |   242 |   108 ||   550
       Sticky Flame      |       |     1 |    39 |     9 ||    49
Evoke: Wand              |       |       |     5 |       ||     5
  Use: Scroll            |       |     8 |    11 |     1 ||    20
 Stab: Sleeping          |     1 |     3 |     1 |       ||     5
  Eat: Chunk             |     3 |    11 |    12 |     4 ||    30
       Ration            |       |       |     3 |       ||     3
Armor: Robe              |     6 |    15 |    78 |     8 ||   107
Dodge: Dodged            |    30 |    62 |   172 |    10 ||   274

Table legend:
 A = Non-vault XP
 B = Vault XP
 C = Vault XP percentage of total XP
 D = Non-vault monster count
 E = Vault monster count
 F = Vault count percentage of total count
                 A         B        C        D         E       F
            +---------+---------+-------+---------+---------+-------
      Total |    6495 |    2304 |  26.2 |     179 |      23 |  11.4
            +---------+---------+-------+---------+---------+-------
        D:1 |      33 |       0 |   0.0 |      17 |       0 |   0.0
        D:2 |     195 |     258 |  57.0 |      13 |       7 |  35.0
        D:3 |      73 |       0 |   0.0 |      20 |       0 |   0.0
        D:4 |     237 |       0 |   0.0 |      16 |       0 |   0.0
        D:5 |     396 |      43 |   9.8 |      15 |       1 |   6.2
        D:6 |     849 |       0 |   0.0 |      21 |       0 |   0.0
        D:7 |    1334 |     149 |  10.0 |      22 |       1 |   4.3
        D:8 |    1927 |    1516 |  44.0 |      33 |      11 |  25.0
        D:9 |    1451 |     338 |  18.9 |      22 |       3 |  12.0
            +---------+---------+-------+---------+---------+-------
